Flames vs Stars
Created - 20 février 2015 at 19:00
Goals
|
Flames |
2 |
4 |
1 |
7 |
Stars |
2 |
0 |
1 |
3 |
|
Shots
|
Flames |
11 |
17 |
9 |
37 |
Stars |
17 |
6 |
15 |
38 |
|
1st period
1. Stars , Marty Reasoner 7 (Mark Streit, Jan Hlavac) at 5:40
2. Stars , Henrik Sedin 33 (Brendan Bell) at 9:43
3. Flames , David Backes 28 (Eric Staal, Alexander Semin) at 13:41 (PP)
4. Flames , Mike Leclerc 4 (Craig Adams, Filip Kuba) at 14:57
Penalties :
Patrick Sharp (Dal) for Hooking (Minor) at 13:33
2nd period
5. Flames , Steve Eminger 7 (Michal Handzus, Mark Bell) at 2:50
6. Flames , David Backes 29 (Eric Staal) at 9:53
7. Flames , Milan Hejduk 17 (Filip Kuba, Marcel Goc) at 14:07
8. Flames , Erik Johnson 6 (David Backes, Alexander Semin) at 15:53
Penalties :
Evgeny Artyukhin (Dal) for Hooking (Minor) at 5:22
3rd period
9. Flames , Filip Kuba 7 (Michal Handzus, Alexander Semin) at 12:28
10. Stars , Shane Doan 16 (Henrik Sedin, Filip Novak) at 14:05
Penalties :
Daniel Sedin (Dal) for Roughing (Minor) at 7:29, Shane Doan (Dal) for Tripping (Minor) at 17:02, David Backes (Cal) for High sticking (Minor) at 17:06
Goalie Stats
Pekka Rinne (Cal), 35 saves from 38 shots - (0,921), W, 28-13-6, 60:00 minutes
Pascal Leclaire (Dal), 17 saves from 22 shots - (0,773), L, 24-19-4, 34:07 minutes
Patrick Lalime (Dal), 13 saves from 15 shots - (0,867), 25:53 minutes
Players Stats for Flames
Player Name G A P +/- PIM S H SB GA TA FO MP PP MP PK MP
------------------------------------------------------------------------------------
Alexander Semin 0 3 3 1 0 3 1 1 3 1 3/4 21:20 2:23 0:00
Craig Adams 0 1 1 1 0 0 2 0 0 0 1/1 8:40 0:00 0:00
David Backes 2 1 3 1 2 4 0 0 1 0 1/2 20:39 2:22 0:00
Derek Meech 0 0 0 1 0 2 0 0 0 0 0/0 12:17 0:00 0:00
Eric Staal 0 2 2 1 0 3 2 0 1 0 22/38 21:12 2:15 0:00
Erik Johnson 1 0 1 1 0 4 0 0 0 1 0/0 20:34 2:47 0:04
Filip Kuba 1 2 3 2 0 2 1 0 0 1 0/0 23:29 1:23 0:00
Jordin Tootoo 0 0 0 1 0 1 0 0 0 0 0/0 16:19 0:00 0:03
Marcel Goc 0 1 1 0 0 2 1 0 0 0 2/7 11:41 0:08 0:00
Mark Bell 0 1 1 1 0 1 1 0 0 0 0/0 17:35 1:47 0:00
Michal Handzus 0 2 2 1 0 4 1 0 0 0 5/11 16:38 0:00 0:04
Mike Leclerc 1 0 1 1 0 3 1 0 0 1 0/0 9:10 0:00 0:01
Milan Hejduk 1 0 1 0 0 4 1 0 1 0 0/0 13:03 1:47 0:00
Patrik Berglund 0 0 0 1 0 0 1 0 0 0 1/1 10:29 1:47 0:00
Ron Hainsey 0 0 0 1 0 0 0 2 0 2 0/0 14:11 1:23 0:00
Steve Eminger 1 0 1 1 0 4 1 2 0 1 0/0 25:15 0:00 0:00
Steve Regier 0 0 0 0 0 0 1 0 0 1 0/0 11:14 0:00 0:00
Tomas Kaberle 0 0 0 0 0 0 2 2 0 0 0/0 24:14 2:47 0:04
Players Stats for Stars
Player Name G A P +/- PIM S H SB GA TA FO MP PP MP PK MP
------------------------------------------------------------------------------------
Alexei Morozov 0 0 0 -2 0 2 2 1 0 0 0/0 13:11 0:00 0:00
Brendan Bell 0 1 1 -1 0 2 0 1 1 2 0/0 20:07 0:00 2:13
Bryan Berard 0 0 0 0 0 0 0 2 2 1 0/0 13:14 0:00 0:00
Daniel Cleary 0 0 0 0 0 2 1 0 1 0 0/0 8:19 0:00 0:49
Daniel Sedin 0 0 0 1 2 1 0 1 0 0 0/3 20:41 0:00 0:36
Éric Belanger 0 0 0 -2 0 3 1 1 1 0 6/11 14:50 0:00 0:49
Evgeny Artyukhin 0 0 0 -2 2 3 0 0 1 0 0/0 14:19 0:00 0:00
Filip Novak 0 1 1 0 0 0 1 0 0 0 0/0 16:08 0:00 1:57
Henrik Sedin 1 1 2 1 0 9 2 0 0 0 19/36 19:42 0:00 0:00
Jan Hlavac 0 1 1 0 0 0 1 0 0 0 1/1 10:20 0:04 2:12
John Tavares 0 0 0 -2 0 3 0 0 0 0 2/6 15:27 0:00 1:09
Mark Streit 0 1 1 -1 0 2 0 0 0 2 0/0 18:32 0:04 0:00
Marty Reasoner 1 0 1 0 0 3 0 0 0 0 1/5 9:42 0:00 2:12
Matthew Spiller 0 0 0 -2 0 2 2 1 0 1 0/0 26:12 0:00 2:13
Patrick Sharp 0 0 0 -2 2 1 2 1 0 0 0/0 14:31 0:04 0:33
Pavel Kubina 0 0 0 -2 0 3 2 1 0 0 0/0 25:47 0:04 1:57
Ryan Malone 0 0 0 -2 0 0 1 0 0 0 0/1 14:01 0:00 0:00
Shane Doan 1 0 1 1 2 2 2 0 2 0 0/1 18:48 0:04 0:00
3 Stars
1 - Filip Kuba (Cal)
2 - David Backes (Cal)
3 - Henrik Sedin (Dal)
Power Play
Flames - 1 on 4 Attempt(s) - 25,00%
Stars - 0 on 1 Attempt(s) - 0,00%
Penalty Kill
Flames - 1 on 1 Attempt(s) - 100,00%
- Score 0 goal in Penalty Kill
Stars - 3 on 4 Attempt(s) - 75,00%
- Score 0 goal in Penalty Kill
Team Stat
Flames - Hits : 16 - Faceoff Wins : 35 - Blocked Shots : 7 - Penalty Minutes : 2
Stars - Hits : 17 - Faceoff Wins : 29 - Blocked Shots : 9 - Penalty Minutes : 8
Official
Referees : Jackson Dave and Kozari Steve
Linesman : Mark Pare and Pierre Racicot
Game Notes
Patrick Lalime enters game at 14:07 of 2nd period
Finance
Level 1 -- Attendance: 5827 (97,12%) -- Ticket Income 489 468 $
Level 2 -- Attendance: 4776 (95,52%) -- Ticket Income 248 352 $
Level 3 -- Attendance: 1900 (95,00%) -- Ticket Income 57 000 $
Level 4 -- Attendance: 3766 (94,15%) -- Ticket Income 71 554 $
Luxury Box -- Attendance: 791 (79,10%) -- Ticket Income 133 679 $
Game was played at the American Airlines Center'
Total Attendance: 17060 (94,78%)
Total Ticket Income: 1 000 053 $
Other Income: 150 008 $
Total Income: 1 150 061 $
Flames
5 vs 5 Forward
Center Left Wing Right Wing Time % Phy DF OF
1 Eric Staal Alexander Semin David Backes 40 1 2 2
2 Michal Handzus Mark Bell Jordin Tootoo 30 1 2 2
3 Marcel Goc Steve Regier Milan Hejduk 20 1 2 2
4 Patrik Berglund Mike Leclerc Craig Adams 10 1 2 2
5 vs 5 Defense
Defense Defense Time % Phy DF OF
1 Tomas Kaberle Steve Eminger 40 1 2 2
2 Filip Kuba Erik Johnson 30 1 2 2
3 Derek Meech Ron Hainsey 20 1 2 2
4 Filip Kuba Steve Eminger 10 1 2 2
PowerPlay Forward
Center Left Wing Right Wing Time % Phy DF OF
1 Eric Staal Alexander Semin David Backes 60 1 2 2
2 Patrik Berglund Mark Bell Milan Hejduk 40 1 2 2
PowerPlay Defense
Defense Defense Time % Phy DF OF
1 Tomas Kaberle Erik Johnson 60 1 2 2
2 Filip Kuba Ron Hainsey 40 1 2 2
Penalty Kill 4 Players Forward
Center Wing Time % Phy DF OF
1 Michal Handzus Mike Leclerc 60 1 3 1
2 Eric Staal Jordin Tootoo 40 1 3 1
Penalty Kill 4 Players Defense
Defense Defense Time % Phy DF OF
1 Filip Kuba Steve Eminger 60 1 3 1
2 Derek Meech Erik Johnson 40 1 3 1
Penalty Kill - 3 Players Forward
Forward Time % Phy DF OF
1 Mike Leclerc 60 1 4 0
2 Craig Adams 40 1 4 0
Penalty Kill - 3 Players Defense
Defense Defense Time % Phy DF OF
1 Filip Kuba Steve Eminger 60 1 4 0
2 Derek Meech Erik Johnson 40 1 4 0
4 vs 4 Forward
Center Wing Time % Phy DF OF
1 Eric Staal Alexander Semin 60 1 2 2
2 Michal Handzus David Backes 40 1 2 2
4 vs 4 Defense
Defense Defense Time % Phy DF OF
1 Filip Kuba Steve Eminger 60 1 2 2
2 Tomas Kaberle Erik Johnson 40 1 2 2
Last Minutes Offensive
Center Left Wing Right Wing Defense Defense
Eric Staal Alexander Semin David Backes Tomas Kaberle Steve Eminger
Last Minutes Defensive
Center Left Wing Right Wing Defense Defense
Eric Staal Alexander Semin David Backes Filip Kuba Steve Eminger
Goaltenders
Starting : Pekka Rinne
Backup : Craig Anderson
Extra Forwards
Normal : Alexander Semin, Jordin Tootoo, Michal Handzus - PP : Mark Bell, Milan Hejduk - PK : David Backes
Extra Defensemen
Normal : Erik Johnson, Tomas Kaberle, Derek Meech - PP : Tomas Kaberle - PK : Erik Johnson, Filip Kuba
Penalty Shots
Alexander Semin, Eric Staal, David Backes, Milan Hejduk, Mark Bell
Stars
5 vs 5 Forward
Center Left Wing Right Wing Time % Phy DF OF
1 Henrik Sedin Daniel Sedin Shane Doan 40 1 2 2
2 John Tavares Patrick Sharp Alexei Morozov 25 1 2 2
3 Éric Belanger Ryan Malone Evgeny Artyukhin 25 1 2 2
4 Marty Reasoner Jan Hlavac Daniel Cleary 10 1 2 2
5 vs 5 Defense
Defense Defense Time % Phy DF OF
1 Pavel Kubina Matthew Spiller 40 1 2 2
2 Brendan Bell Mark Streit 30 1 2 2
3 Filip Novak Bryan Berard 20 1 2 2
4 Pavel Kubina Matthew Spiller 10 1 2 2
PowerPlay Forward
Center Left Wing Right Wing Time % Phy DF OF
1 John Tavares Patrick Sharp Alexei Morozov 50 1 2 2
2 Henrik Sedin Daniel Sedin Shane Doan 50 1 2 2
PowerPlay Defense
Defense Defense Time % Phy DF OF
1 Pavel Kubina Mark Streit 60 1 2 2
2 Matthew Spiller Bryan Berard 40 1 2 2
Penalty Kill 4 Players Forward
Center Wing Time % Phy DF OF
1 Marty Reasoner Jan Hlavac 60 1 2 2
2 Éric Belanger Daniel Cleary 40 1 2 2
Penalty Kill 4 Players Defense
Defense Defense Time % Phy DF OF
1 Brendan Bell Matthew Spiller 60 1 2 2
2 Pavel Kubina Filip Novak 40 1 2 2
Penalty Kill - 3 Players Forward
Forward Time % Phy DF OF
1 Marty Reasoner 60 1 2 2
2 Éric Belanger 40 1 2 2
Penalty Kill - 3 Players Defense
Defense Defense Time % Phy DF OF
1 Brendan Bell Matthew Spiller 60 1 2 2
2 Pavel Kubina Filip Novak 40 1 2 2
4 vs 4 Forward
Center Wing Time % Phy DF OF
1 Henrik Sedin Daniel Sedin 60 1 2 2
2 John Tavares Shane Doan 40 1 2 2
4 vs 4 Defense
Defense Defense Time % Phy DF OF
1 Pavel Kubina Mark Streit 60 1 2 2
2 Matthew Spiller Filip Novak 40 1 2 2
Last Minutes Offensive
Center Left Wing Right Wing Defense Defense
Henrik Sedin Daniel Sedin Shane Doan Pavel Kubina Mark Streit
Last Minutes Defensive
Center Left Wing Right Wing Defense Defense
Marty Reasoner Jan Hlavac Daniel Cleary Brendan Bell Matthew Spiller
Goaltenders
Starting : Pascal Leclaire
Backup : Patrick Lalime
Extra Forwards
Normal : Daniel Sedin, Patrick Sharp, Shane Doan - PP : John Tavares, Daniel Sedin - PK : Jan Hlavac
Extra Defensemen
Normal : Brendan Bell, Filip Novak, Mark Streit - PP : Pavel Kubina - PK : Matthew Spiller, Brendan Bell
Penalty Shots
Patrick Sharp, Daniel Sedin, John Tavares, Henrik Sedin, Alexei Morozov
% Time on Ice - Flames
Lines # - Real PCT - Wanted PCT - Time Play
Normal Forward
1 - 34% - 40% - 18:17
2 - 29% - 30% - 15:40
3 - 21% - 20% - 11:14
4 - 16% - 10% - 8:40
Normal Defense
1 - 38% - 40% - 20:20
2 - 32% - 30% - 17:29
3 - 23% - 20% - 12:17
4 - 7% - 10% - 3:45
PP Forward
1 - 57% - 60% - 2:23
2 - 43% - 40% - 1:47
PP Defense
1 - 67% - 60% - 2:47
2 - 33% - 40% - 1:23
PK Forward
1 - 100% - 60% - 0:04
2 - 0% - 40% - 0:00
PK Defense
1 - 0% - 60% - 0:00
2 - 100% - 40% - 0:04
PK3 Forward
1 - 0% - 60%
2 - 0% - 40%
PK3 Defense
1 - 0% - 60%
2 - 0% - 40%
44 Forward
1 - 83% - 60% - 1:35
2 - 17% - 40% - 0:20
44 Defense
1 - 61% - 60% - 1:10
2 - 39% - 40% - 0:45
Last Minute Offensive - 0:00
Last Minute Defensive - 0:00
Total
Forward - 60:00
Defense - 60:00
|
% Time on Ice - Stars
Lines # - Real PCT - Wanted PCT - Time Play
Normal Forward
1 - 36% - 40% - 19:09
2 - 24% - 25% - 13:11
3 - 26% - 25% - 14:01
4 - 14% - 10% - 7:30
Normal Defense
1 - 37% - 40% - 19:59
2 - 32% - 30% - 17:28
3 - 25% - 20% - 13:14
4 - 6% - 10% - 3:10
PP Forward
1 - 100% - 50% - 0:04
2 - 0% - 50% - 0:00
PP Defense
1 - 100% - 60% - 0:04
2 - 0% - 40% - 0:00
PK Forward
1 - 80% - 60% - 3:21
2 - 20% - 40% - 0:49
PK Defense
1 - 53% - 60% - 2:13
2 - 47% - 40% - 1:57
PK3 Forward
1 - 0% - 60%
2 - 0% - 40%
PK3 Defense
1 - 0% - 60%
2 - 0% - 40%
44 Forward
1 - 79% - 60% - 1:31
2 - 21% - 40% - 0:24
44 Defense
1 - 55% - 60% - 1:03
2 - 45% - 40% - 0:52
Last Minute Offensive - 0:00
Last Minute Defensive - 0:00
Total
Forward - 60:00
Defense - 60:00
|
Play by Play
1st period
0:01 of 1st period - Henrik Sedin wins face-off versus Eric Staal in neutral zone.
1:38 of 1st period - Wrist shot by Henrik Sedin.
1:38 of 1st period - Stopped by Pekka Rinne without a rebound.
1:39 of 1st period - Henrik Sedin wins face-off versus Eric Staal in Flames zone.
2:24 of 1st period - Icing by Erik Johnson.
2:25 of 1st period - Marcel Goc wins face-off versus Éric Belanger in Flames zone.
2:52 of 1st period - Snap shot by David Backes.
2:52 of 1st period - Stopped by Pascal Leclaire without a rebound.
2:53 of 1st period - Eric Staal wins face-off versus Henrik Sedin in Stars zone.
3:49 of 1st period - Wrist shot by Alexei Morozov.
3:49 of 1st period - Stopped by Pekka Rinne with a rebound.
4:24 of 1st period - Slapshot by Matthew Spiller.
4:24 of 1st period - Stopped by Pekka Rinne with a rebound.
4:26 of 1st period - Slapshot by Matthew Spiller.
4:26 of 1st period - Stopped by Pekka Rinne without a rebound.
4:27 of 1st period - Eric Staal wins face-off versus Marty Reasoner in Flames zone.
4:36 of 1st period - Wrist shot by Mark Streit.
4:36 of 1st period - Stopped by Pekka Rinne with a rebound.
4:52 of 1st period - Marty Reasoner is hit by Marcel Goc and loses puck.
4:59 of 1st period - Steve Regier is hit by Daniel Cleary and loses puck.
5:10 of 1st period - Snap shot by Jan Hlavac.
5:10 of 1st period - Shot Blocked by Tomas Kaberle.
5:26 of 1st period - Snap shot by Daniel Cleary.
5:26 of 1st period - Stopped by Pekka Rinne with a rebound.
5:40 of 1st period - Slapshot by Marty Reasoner.
5:40 of 1st period - Goal by Marty Reasoner - Flames : 0 - Stars : 1.
5:41 of 1st period - Henrik Sedin wins face-off versus Alexander Semin in neutral zone.
5:50 of 1st period - Wrist shot by Henrik Sedin.
5:50 of 1st period - Stopped by Pekka Rinne without a rebound.
5:51 of 1st period - Eric Staal wins face-off versus Daniel Sedin in Flames zone.
6:00 of 1st period - Wrist shot by Alexander Semin.
6:00 of 1st period - Shot Blocked by Daniel Sedin.
6:07 of 1st period - Off-side.
6:08 of 1st period - Michal Handzus wins face-off versus John Tavares in neutral zone.
7:16 of 1st period - Matthew Spiller is hit by Craig Adams and loses puck.
7:27 of 1st period - Slapshot by Henrik Sedin.
7:27 of 1st period - Shot Misses the Net.
7:29 of 1st period - Snap shot by Shane Doan.
7:29 of 1st period - Shot Misses the Net.
7:31 of 1st period - Snap shot by Pavel Kubina.
7:31 of 1st period - Stopped by Pekka Rinne with a rebound.
7:33 of 1st period - Slapshot by Matthew Spiller.
7:33 of 1st period - Shot Blocked by Steve Eminger.
7:37 of 1st period - Slapshot by Daniel Sedin.
7:37 of 1st period - Stopped by Pekka Rinne without a rebound.
7:38 of 1st period - Michal Handzus wins face-off versus John Tavares in Flames zone.
7:45 of 1st period - Slapshot by Mark Bell.
7:45 of 1st period - Shot Blocked by Patrick Sharp.
7:47 of 1st period - Snap shot by Erik Johnson.
7:47 of 1st period - Stopped by Pascal Leclaire with a rebound.
8:27 of 1st period - Marcel Goc is hit by Filip Novak and loses puck.
9:29 of 1st period - Snap shot by John Tavares.
9:29 of 1st period - Shot Misses the Net.
9:31 of 1st period - Wrist shot by John Tavares.
9:31 of 1st period - Stopped by Pekka Rinne without a rebound.
9:32 of 1st period - Eric Staal wins face-off versus Daniel Sedin in Flames zone.
9:43 of 1st period - Wrist shot by Henrik Sedin.
9:43 of 1st period - Goal by Henrik Sedin - Flames : 0 - Stars : 2.
9:44 of 1st period - Henrik Sedin wins face-off versus Eric Staal in neutral zone.
9:47 of 1st period - Alexander Semin is hit by Pavel Kubina and loses puck.
10:16 of 1st period - Slapshot by Michal Handzus.
10:16 of 1st period - Stopped by Pascal Leclaire without a rebound.
10:17 of 1st period - Michal Handzus wins face-off versus Henrik Sedin in Stars zone.
10:24 of 1st period - Snap shot by Jordin Tootoo.
10:24 of 1st period - Shot Misses the Net.
10:26 of 1st period - Slapshot by Derek Meech.
10:26 of 1st period - Stopped by Pascal Leclaire with a rebound.
10:28 of 1st period - Snap shot by Ron Hainsey.
10:28 of 1st period - Shot Misses the Net.
10:30 of 1st period - Slapshot by Derek Meech.
10:30 of 1st period - Stopped by Pascal Leclaire with a rebound.
10:41 of 1st period - Icing by Mark Streit.
10:42 of 1st period - Eric Staal wins face-off versus Éric Belanger in Stars zone.
10:51 of 1st period - Eric Staal is hit by Ryan Malone and loses puck.
11:22 of 1st period - Snap shot by Eric Staal.
11:22 of 1st period - Stopped by Pascal Leclaire without a rebound.
11:23 of 1st period - Henrik Sedin wins face-off versus Michal Handzus in Stars zone.
12:11 of 1st period - Snap shot by Marty Reasoner.
12:11 of 1st period - Stopped by Pekka Rinne with a rebound.
12:59 of 1st period - Snap shot by Mark Bell.
12:59 of 1st period - Stopped by Pascal Leclaire with a rebound.
13:33 of 1st period - Minor Penalty to Patrick Sharp for Hooking.
13:34 of 1st period - Eric Staal wins face-off versus Marty Reasoner in Stars zone.
13:39 of 1st period - Snap shot by Eric Staal.
13:39 of 1st period - Shot Misses the Net.
13:41 of 1st period - Slapshot by David Backes.
13:41 of 1st period - Goal by David Backes - Flames : 1 - Stars : 2.
13:42 of 1st period - Henrik Sedin wins face-off versus Eric Staal in neutral zone.
14:09 of 1st period - Evgeny Artyukhin is hit by Steve Eminger and loses puck.
14:39 of 1st period - Snap shot by Marty Reasoner.
14:39 of 1st period - Stopped by Pekka Rinne with a rebound.
14:55 of 1st period - Snap shot by Mike Leclerc.
14:55 of 1st period - Stopped by Pascal Leclaire with a rebound.
14:57 of 1st period - Slapshot by Mike Leclerc.
14:57 of 1st period - Goal by Mike Leclerc - Flames : 2 - Stars : 2.
14:58 of 1st period - Alexander Semin wins face-off versus Henrik Sedin in neutral zone.
15:01 of 1st period - Slapshot by David Backes.
15:01 of 1st period - Deflect By Shane Doan.
15:01 of 1st period - Shot Misses the Net.
15:01 of 1st period - Puck is out of play.
15:02 of 1st period - Eric Staal wins face-off versus Henrik Sedin in Stars zone.
15:38 of 1st period - Snap shot by John Tavares.
15:38 of 1st period - Stopped by Pekka Rinne without a rebound.
15:39 of 1st period - Éric Belanger wins face-off versus Michal Handzus in Flames zone.
16:52 of 1st period - Snap shot by Michal Handzus.
16:52 of 1st period - Shot Blocked by Pavel Kubina.
16:59 of 1st period - Off-side.
17:00 of 1st period - Eric Staal wins face-off versus Henrik Sedin in neutral zone.
18:13 of 1st period - Snap shot by Patrik Berglund.
18:13 of 1st period - Shot Blocked by Bryan Berard.
18:41 of 1st period - Off-side.
18:42 of 1st period - Éric Belanger wins face-off versus Michal Handzus in neutral zone.
18:55 of 1st period - Snap shot by Evgeny Artyukhin.
18:55 of 1st period - Deflect By Éric Belanger.
18:55 of 1st period - Stopped by Pekka Rinne with a rebound.
18:57 of 1st period - Slapshot by Matthew Spiller.
18:57 of 1st period - Shot Blocked by Tomas Kaberle.
19:26 of 1st period - Snap shot by John Tavares.
19:26 of 1st period - Stopped by Pekka Rinne with a rebound.
19:50 of 1st period - Backhand shot by Mike Leclerc.
19:50 of 1st period - Stopped by Pascal Leclaire without a rebound.
19:51 of 1st period - Craig Adams wins face-off versus Henrik Sedin in Stars zone.
Goals for this period are 2 for Flames vs 2 for Stars.
Shots for this period are 11 for Flames vs 17 for Stars.
2nd period
0:01 of 2nd period - Eric Staal wins face-off versus Henrik Sedin in neutral zone.
0:51 of 2nd period - Filip Kuba is hit by Patrick Sharp and loses puck.
1:28 of 2nd period - Backhand shot by Mark Bell.
1:28 of 2nd period - Shot Misses the Net.
1:30 of 2nd period - Snap shot by Jordin Tootoo.
1:30 of 2nd period - Stopped by Pascal Leclaire without a rebound.
1:31 of 2nd period - Henrik Sedin wins face-off versus Michal Handzus in Stars zone.
1:31 of 2nd period - Henrik Sedin is hit by Michal Handzus.
1:37 of 2nd period - Slapshot by Shane Doan.
1:37 of 2nd period - Shot Misses the Net.
2:28 of 2nd period - Snap shot by Jordin Tootoo.
2:28 of 2nd period - Shot Misses the Net.
2:32 of 2nd period - Backhand shot by Michal Handzus.
2:32 of 2nd period - Shot Misses the Net.
2:34 of 2nd period - Slapshot by Steve Eminger.
2:34 of 2nd period - Shot Misses the Net.
2:48 of 2nd period - Wrist shot by Michal Handzus.
2:48 of 2nd period - Stopped by Pascal Leclaire with a rebound.
2:50 of 2nd period - Slapshot by Steve Eminger.
2:50 of 2nd period - Deflect By John Tavares.
2:50 of 2nd period - Goal by Steve Eminger - Flames : 3 - Stars : 2.
2:51 of 2nd period - Eric Staal wins face-off versus Henrik Sedin in neutral zone.
2:59 of 2nd period - Slapshot by Filip Kuba.
2:59 of 2nd period - Shot Blocked by Matthew Spiller.
3:01 of 2nd period - Wrist shot by Eric Staal.
3:01 of 2nd period - Stopped by Pascal Leclaire without a rebound.
3:02 of 2nd period - Henrik Sedin wins face-off versus Eric Staal in Stars zone.
3:27 of 2nd period - Matthew Spiller is hit by Milan Hejduk and loses puck.
3:52 of 2nd period - Snap shot by Mike Leclerc.
3:52 of 2nd period - Shot Misses the Net.
4:10 of 2nd period - Filip Novak is hit by Eric Staal.
4:36 of 2nd period - Steve Eminger is hit by Henrik Sedin and loses puck.
5:04 of 2nd period - Mark Bell is hit by Alexei Morozov and loses puck.
5:15 of 2nd period - Wrist shot by Michal Handzus.
5:15 of 2nd period - Stopped by Pascal Leclaire without a rebound.
5:16 of 2nd period - Alexander Semin wins face-off versus Ryan Malone in Stars zone.
5:22 of 2nd period - Minor Penalty to Evgeny Artyukhin for Hooking.
5:23 of 2nd period - Eric Staal wins face-off versus Marty Reasoner in Stars zone.
5:35 of 2nd period - Snap shot by Eric Staal.
5:35 of 2nd period - Stopped by Pascal Leclaire without a rebound.
5:36 of 2nd period - Marty Reasoner wins face-off versus Eric Staal in Stars zone.
7:08 of 2nd period - Slapshot by Alexander Semin.
7:08 of 2nd period - Stopped by Pascal Leclaire without a rebound.
7:09 of 2nd period - John Tavares wins face-off versus David Backes in Stars zone.
7:13 of 2nd period - Off-side.
7:14 of 2nd period - Eric Staal wins face-off versus John Tavares in neutral zone.
7:22 of 2nd period - Penalty to Evgeny Artyukhin is over, Evgeny Artyukhin is back on ice.
7:46 of 2nd period - Wrist shot by Milan Hejduk.
7:46 of 2nd period - Stopped by Pascal Leclaire with a rebound.
7:48 of 2nd period - Slapshot by Steve Eminger.
7:48 of 2nd period - Shot Misses the Net.
7:50 of 2nd period - Slapshot by Steve Eminger.
7:50 of 2nd period - Shot Misses the Net.
7:52 of 2nd period - Backhand shot by Marcel Goc.
7:52 of 2nd period - Deflect By Steve Regier.
7:52 of 2nd period - Shot Blocked by Brendan Bell.
7:52 of 2nd period - Puck is out of play.
7:53 of 2nd period - Michal Handzus wins face-off versus Éric Belanger in Stars zone.
8:18 of 2nd period - Henrik Sedin is hit by Tomas Kaberle and loses puck.
9:07 of 2nd period - Wrist shot by Patrick Sharp.
9:07 of 2nd period - Shot Misses the Net.
9:53 of 2nd period - Wrist shot by David Backes.
9:53 of 2nd period - Goal by David Backes - Flames : 4 - Stars : 2.
9:54 of 2nd period - Henrik Sedin wins face-off versus Eric Staal in neutral zone.
10:30 of 2nd period - Wrist shot by Michal Handzus.
10:30 of 2nd period - Deflect By Jordin Tootoo.
10:30 of 2nd period - Shot Misses the Net.
10:30 of 2nd period - Puck is out of play.
10:31 of 2nd period - Eric Staal wins face-off versus Shane Doan in Stars zone.
10:56 of 2nd period - Evgeny Artyukhin is hit by Filip Kuba and loses puck.
11:36 of 2nd period - Jordin Tootoo is hit by Patrick Sharp and loses puck.
11:49 of 2nd period - Wrist shot by Marty Reasoner.
11:49 of 2nd period - Shot Misses the Net.
12:28 of 2nd period - Slapshot by Steve Eminger.
12:28 of 2nd period - Deflect By Steve Regier.
12:28 of 2nd period - Shot Blocked by Bryan Berard.
12:28 of 2nd period - Puck is out of play.
12:29 of 2nd period - Éric Belanger wins face-off versus Marcel Goc in Stars zone.
13:20 of 2nd period - Alexei Morozov is hit by Patrik Berglund and loses puck.
13:40 of 2nd period - Slapshot by Mark Streit.
13:40 of 2nd period - Shot Misses the Net.
13:42 of 2nd period - Slapshot by Brendan Bell.
13:42 of 2nd period - Stopped by Pekka Rinne with a rebound.
13:44 of 2nd period - Slapshot by Brendan Bell.
13:44 of 2nd period - Shot Misses the Net.
13:53 of 2nd period - Off-side.
13:54 of 2nd period - Éric Belanger wins face-off versus Marcel Goc in neutral zone.
13:57 of 2nd period - Slapshot by Pavel Kubina.
13:57 of 2nd period - Stopped by Pekka Rinne with a rebound.
14:03 of 2nd period - Wrist shot by Filip Kuba.
14:03 of 2nd period - Shot Misses the Net.
14:05 of 2nd period - Snap shot by Milan Hejduk.
14:05 of 2nd period - Stopped by Pascal Leclaire with a rebound.
14:07 of 2nd period - Slapshot by Milan Hejduk.
14:07 of 2nd period - Goal by Milan Hejduk - Flames : 5 - Stars : 2.
14:07 of 2nd period - Patrick Lalime enters game.
14:08 of 2nd period - Henrik Sedin wins face-off versus Eric Staal in neutral zone.
14:27 of 2nd period - Pavel Kubina is hit by Eric Staal.
15:23 of 2nd period - Slapshot by Milan Hejduk.
15:23 of 2nd period - Stopped by Patrick Lalime without a rebound.
15:24 of 2nd period - Henrik Sedin wins face-off versus Marcel Goc in Stars zone.
15:39 of 2nd period - Slapshot by Steve Eminger.
15:39 of 2nd period - Stopped by Patrick Lalime without a rebound.
15:40 of 2nd period - Eric Staal wins face-off versus Éric Belanger in Stars zone.
15:49 of 2nd period - Wrist shot by Alexander Semin.
15:49 of 2nd period - Shot Blocked by Éric Belanger.
15:51 of 2nd period - Wrist shot by David Backes.
15:51 of 2nd period - Shot Misses the Net.
15:53 of 2nd period - Slapshot by Erik Johnson.
15:53 of 2nd period - Goal by Erik Johnson - Flames : 6 - Stars : 2.
15:54 of 2nd period - Henrik Sedin wins face-off versus Eric Staal in neutral zone.
15:57 of 2nd period - Snap shot by Henrik Sedin.
15:57 of 2nd period - Stopped by Pekka Rinne without a rebound.
15:58 of 2nd period - Eric Staal wins face-off versus Henrik Sedin in Flames zone.
17:15 of 2nd period - Slapshot by Pavel Kubina.
17:15 of 2nd period - Stopped by Pekka Rinne with a rebound.
17:29 of 2nd period - Wrist shot by Craig Adams.
17:29 of 2nd period - Deflect By Patrik Berglund.
17:29 of 2nd period - Shot Misses the Net.
17:29 of 2nd period - Puck is out of play.
17:30 of 2nd period - Alexander Semin wins face-off versus Henrik Sedin in Stars zone.
17:39 of 2nd period - Slapshot by David Backes.
17:39 of 2nd period - Stopped by Patrick Lalime without a rebound.
17:40 of 2nd period - Eric Staal wins face-off versus Henrik Sedin in Stars zone.
17:57 of 2nd period - Snap shot by Alexander Semin.
17:57 of 2nd period - Stopped by Patrick Lalime without a rebound.
17:58 of 2nd period - Michal Handzus wins face-off versus John Tavares in Stars zone.
17:59 of 2nd period - Slapshot by Mark Bell.
17:59 of 2nd period - Shot Misses the Net.
18:07 of 2nd period - Snap shot by Mark Bell.
18:07 of 2nd period - Shot Misses the Net.
18:09 of 2nd period - Snap shot by Michal Handzus.
18:09 of 2nd period - Stopped by Patrick Lalime with a rebound.
18:11 of 2nd period - Snap shot by Jordin Tootoo.
18:11 of 2nd period - Shot Blocked by Alexei Morozov.
18:23 of 2nd period - Eric Staal is hit by Shane Doan.
18:49 of 2nd period - Jan Hlavac is hit by Steve Regier and loses puck.
19:06 of 2nd period - Snap shot by Evgeny Artyukhin.
19:06 of 2nd period - Stopped by Pekka Rinne with a rebound.
19:08 of 2nd period - Wrist shot by Evgeny Artyukhin.
19:08 of 2nd period - Stopped by Pekka Rinne with a rebound.
19:22 of 2nd period - John Tavares is hit by Mark Bell and loses puck.
Goals for this period are 4 for Flames vs 0 for Stars.
Shots for this period are 17 for Flames vs 6 for Stars.
3rd period
0:01 of 3rd period - Henrik Sedin wins face-off versus Eric Staal in neutral zone.
0:26 of 3rd period - Tomas Kaberle is hit by Alexei Morozov and loses puck.
0:31 of 3rd period - Wrist shot by Alexei Morozov.
0:31 of 3rd period - Stopped by Pekka Rinne without a rebound.
0:32 of 3rd period - John Tavares wins face-off versus Michal Handzus in Flames zone.
0:47 of 3rd period - Snap shot by Erik Johnson.
0:47 of 3rd period - Stopped by Patrick Lalime without a rebound.
0:48 of 3rd period - David Backes wins face-off versus Henrik Sedin in Stars zone.
0:59 of 3rd period - Snap shot by Daniel Sedin.
0:59 of 3rd period - Shot Blocked by Alexander Semin.
1:01 of 3rd period - Snap shot by Daniel Sedin.
1:01 of 3rd period - Deflect By Henrik Sedin.
1:01 of 3rd period - Shot Blocked by Steve Eminger.
1:01 of 3rd period - Puck is out of play.
1:02 of 3rd period - Henrik Sedin wins face-off versus Eric Staal in Flames zone.
1:05 of 3rd period - Snap shot by Henrik Sedin.
1:05 of 3rd period - Stopped by Pekka Rinne without a rebound.
1:06 of 3rd period - Eric Staal wins face-off versus Henrik Sedin in Flames zone.
1:11 of 3rd period - Shane Doan is hit by Alexander Semin and loses puck.
1:32 of 3rd period - Slapshot by Steve Eminger.
1:32 of 3rd period - Stopped by Patrick Lalime with a rebound.
1:34 of 3rd period - Slapshot by Steve Eminger.
1:34 of 3rd period - Stopped by Patrick Lalime without a rebound.
1:35 of 3rd period - Éric Belanger wins face-off versus Michal Handzus in Stars zone.
2:22 of 3rd period - Slapshot by Henrik Sedin.
2:22 of 3rd period - Stopped by Pekka Rinne with a rebound.
2:24 of 3rd period - Snap shot by Henrik Sedin.
2:24 of 3rd period - Stopped by Pekka Rinne with a rebound.
2:26 of 3rd period - Wrist shot by Brendan Bell.
2:26 of 3rd period - Stopped by Pekka Rinne without a rebound.
2:27 of 3rd period - Eric Staal wins face-off versus Henrik Sedin in Flames zone.
2:43 of 3rd period - Eric Staal is hit by Matthew Spiller and loses puck.
3:24 of 3rd period - Snap shot by Daniel Cleary.
3:24 of 3rd period - Stopped by Pekka Rinne without a rebound.
3:25 of 3rd period - Eric Staal wins face-off versus Henrik Sedin in Flames zone.
3:25 of 3rd period - Eric Staal is hit by Henrik Sedin.
4:53 of 3rd period - Slapshot by Brendan Bell.
4:53 of 3rd period - Shot Blocked by Ron Hainsey.
4:55 of 3rd period - Snap shot by Mark Streit.
4:55 of 3rd period - Shot Blocked by Ron Hainsey.
4:57 of 3rd period - Slapshot by Daniel Sedin.
4:57 of 3rd period - Deflect By Henrik Sedin.
4:57 of 3rd period - Stopped by Pekka Rinne with a rebound.
5:31 of 3rd period - Marcel Goc is hit by Pavel Kubina and loses puck.
5:40 of 3rd period - Snap shot by Éric Belanger.
5:40 of 3rd period - Stopped by Pekka Rinne without a rebound.
5:41 of 3rd period - Henrik Sedin wins face-off versus Eric Staal in Flames zone.
5:46 of 3rd period - Wrist shot by Shane Doan.
5:46 of 3rd period - Deflect By Filip Kuba.
5:46 of 3rd period - Stopped by Pekka Rinne with a rebound.
6:12 of 3rd period - Wrist shot by John Tavares.
6:12 of 3rd period - Shot Misses the Net.
6:28 of 3rd period - Alexei Morozov is hit by Craig Adams and loses puck.
6:33 of 3rd period - Snap shot by Craig Adams.
6:33 of 3rd period - Shot Misses the Net.
7:13 of 3rd period - Slapshot by Erik Johnson.
7:13 of 3rd period - Stopped by Patrick Lalime with a rebound.
7:15 of 3rd period - Snap shot by David Backes.
7:15 of 3rd period - Shot Misses the Net.
7:29 of 3rd period - Minor Penalty to Daniel Sedin for Roughing.
7:30 of 3rd period - Eric Staal wins face-off versus Marty Reasoner in Stars zone.
8:11 of 3rd period - Wrist shot by Mark Bell.
8:11 of 3rd period - Shot Misses the Net.
9:03 of 3rd period - Wrist shot by Patrick Sharp.
9:03 of 3rd period - Stopped by Pekka Rinne with a rebound.
9:29 of 3rd period - Penalty to Daniel Sedin is over, Daniel Sedin is back on ice.
9:41 of 3rd period - Slapshot by Mark Streit.
9:41 of 3rd period - Stopped by Pekka Rinne without a rebound.
9:42 of 3rd period - Henrik Sedin wins face-off versus Marcel Goc in Flames zone.
10:39 of 3rd period - Patrick Sharp is hit by Tomas Kaberle and loses puck.
11:16 of 3rd period - Slapshot by Tomas Kaberle.
11:16 of 3rd period - Shot Misses the Net.
11:58 of 3rd period - Off-side.
11:59 of 3rd period - Patrik Berglund wins face-off versus Henrik Sedin in neutral zone.
12:26 of 3rd period - Wrist shot by Michal Handzus.
12:26 of 3rd period - Shot Misses the Net.
12:28 of 3rd period - Slapshot by Filip Kuba.
12:28 of 3rd period - Goal by Filip Kuba - Flames : 7 - Stars : 2.
12:29 of 3rd period - Henrik Sedin wins face-off versus Eric Staal in neutral zone.
12:54 of 3rd period - Michal Handzus is hit by Matthew Spiller.
13:40 of 3rd period - Snap shot by Alexander Semin.
13:40 of 3rd period - Stopped by Patrick Lalime with a rebound.
13:46 of 3rd period - David Backes is hit by Jan Hlavac and loses puck.
14:05 of 3rd period - Snap shot by Shane Doan.
14:05 of 3rd period - Goal by Shane Doan - Flames : 7 - Stars : 3.
14:06 of 3rd period - Eric Staal wins face-off versus Henrik Sedin in neutral zone.
14:09 of 3rd period - Slapshot by Tomas Kaberle.
14:09 of 3rd period - Shot Hit the Post.
14:15 of 3rd period - Alexander Semin is hit by Shane Doan.
15:28 of 3rd period - Off-side.
15:29 of 3rd period - Henrik Sedin wins face-off versus Eric Staal in neutral zone.
16:17 of 3rd period - Snap shot by Marcel Goc.
16:17 of 3rd period - Stopped by Patrick Lalime with a rebound.
16:19 of 3rd period - Backhand shot by Filip Kuba.
16:19 of 3rd period - Stopped by Patrick Lalime with a rebound.
16:42 of 3rd period - Daniel Cleary is hit by Mike Leclerc and loses puck.
17:02 of 3rd period - Minor Penalty to Shane Doan for Tripping.
17:03 of 3rd period - Jan Hlavac wins face-off versus Eric Staal in Stars zone.
17:06 of 3rd period - Minor Penalty to David Backes for High sticking.
17:07 of 3rd period - Henrik Sedin wins face-off versus Eric Staal in Flames zone.
17:23 of 3rd period - Snap shot by Henrik Sedin.
17:23 of 3rd period - Stopped by Pekka Rinne with a rebound.
19:02 of 3rd period - Penalty to Shane Doan is over, Shane Doan is back on ice.
19:06 of 3rd period - Penalty to David Backes is over, David Backes is back on ice.
19:19 of 3rd period - Snap shot by Evgeny Artyukhin.
19:19 of 3rd period - Stopped by Pekka Rinne with a rebound.
19:23 of 3rd period - Backhand shot by Éric Belanger.
19:23 of 3rd period - Stopped by Pekka Rinne without a rebound.
19:24 of 3rd period - Marcel Goc wins face-off versus Éric Belanger in Flames zone.
19:28 of 3rd period - Off-side.
19:29 of 3rd period - Éric Belanger wins face-off versus Marcel Goc in neutral zone.
19:36 of 3rd period - Milan Hejduk is hit by Éric Belanger and loses puck.
19:45 of 3rd period - Snap shot by Marcel Goc.
19:45 of 3rd period - Stopped by Patrick Lalime without a rebound.
19:46 of 3rd period - Eric Staal wins face-off versus Daniel Sedin in Stars zone.
Goals for this period are 1 for Flames vs 1 for Stars.
Shots for this period are 9 for Flames vs 15 for Stars.
Output by the SimonT Hockey Simulator (STHS) for François Prévost -- Original Page W3C XHTML 1.0 Valid